 Dungeon Crawl Stone Soup version 0.31-a0-845-g9abc20d24f (webtiles) character file.

Game seed: 13846609280412801626

217 Elsrick the Covered (level 5, -5/45 HPs)
             Began as a Demigod Fighter on Oct 1, 2023.
             Slain by a mummy (11 damage)
             ... in an ossuary.
             The game lasted 00:13:02 (3450 turns).

Elsrick the Covered (Demigod Fighter)               Turns: 3450, Time: 00:13:02

Health: -5/45      AC:  8    Str: 14 (17) XL:     5   Next: 35%
Magic:  9/9        EV:  9    Int:  9 (12) God:
Gold:   154        SH:  5    Dex: 18 (19) Spells: 5/6 levels left

rFire   . . .        r - +2 whip (flame)
rCold   . . .        c - +0 buckler
rNeg    . . .        b - +0 scale mail
rPois   .            p - +0 helmet
rElec   .            (no cloak)
rCorr   .            (no gloves)
SInv    .            (no boots)
Will    .....        (no amulet) Stlth
                     t - +6 ring of dexterity
HPRegen 0.27/turn    (no ring)
MPRegen 0.11/turn

%: clarity
@: attractive
A: high MP 1, forlorn, divine attributes, clarity, dopey 1
a: no special abilities


You were in an ossuary.
You visited 1 branch of the dungeon, and saw 4 of its levels.
You also visited: Ossuary.

You collected 154 gold pieces.

Inventory:

Hand Weapons
 a - a +0 rapier
 f - a +0 dagger
 r - a +2 whip of flaming (weapon)
Missiles
 i - 6 boomerangs
 n - 2 curare-tipped darts (quivered)
Armour
 b - a +0 scale mail (worn)
 c - a +0 buckler (worn)
 p - a +0 helmet (worn)
Jewellery
 t - a +6 ring of dexterity (left hand)
Talismans
 s - a flux talisman
Scrolls
 e - a scroll of torment {unknown}
 g - 3 scrolls of identify {unknown}
 j - 2 scrolls of fog {unknown}
 k - a scroll of vulnerability {unknown}
 m - a scroll of amnesia {unknown}
 q - a scroll of blinking {unknown}
 u - a scroll of brand weapon {unknown}
Potions
 d - a potion of might
 l - a potion of degeneration


   Skills:
 + Level 3.3 Fighting
 - Level 2.5 Short Blades
 * Level 1.4 Maces & Flails
 + Level 3.6 Armour
 + Level 1.0 Dodging
 - Level 3.0 Shields
 * Level 1.3 Spellcasting
 * Level 1.4 Necromancy


You had 5 spell levels left.
You knew the following spells:

 Your Spells              Type           Power      Damage    Failure   Level
a - Necrotise             Necr           12%        1d4       71%         1

Your spell library contained the following spells:

 Spells                   Type           Power      Damage    Failure   Level
 Kiss of Death            Conj/Necr      4%         2d5       82%         1
 Cigotuvi's Dreadful Rot  Necr/Pois/Air  2%         N/A       94%         2
 Vampiric Draining        Necr           3%         2d6       97%         3
 Confusing Touch          Hex            0%         N/A       99%         3
 Ignite Poison            Fire/Tmut/Pois 0%         N/A       99%         3
 Ozocubu's Armour         Ice            0%         N/A       99%         3
 Stone Arrow              Conj/Erth      0%         3d7       99%         3
 Animate Armour           Summ/Erth      0%         N/A       100%        4
 Dispel Undead            Necr           3%         3d7       100%        4
 Agony                    Necr           3%         N/A       100%        5
 Freezing Cloud           Conj/Ice/Air   0%         6-21      100%        5
 Metabolic Englaciation   Hex/Ice        0%         N/A       100%        5
 Simulacrum               Ice/Necr       0%         N/A       100%        6
 Lehudib's Crystal Spear  Conj/Erth      0%         10d2      100%        8


Dungeon Overview and Level Annotations

Branches:
Dungeon (4/15)            Ossuary (1/1)
 Temple: D:4-7

Shops:
D:3 [[(


Innate Abilities, Weirdness & Mutations

You have an increased reservoir of magic. (+10% MP)
You shall have no god before yourself.
Your divine heritage dramatically boosts your attributes as you level up.
You possess an exceptional clarity of mind.
You are dopey. (Int -2)


Message History

You are too injured to fight recklessly!
You block the orc zombie's attack. The mummy attacks as it pursues you!
The mummy hits you. The mummy barely misses you.
The orc zombie hits you but does no damage.
You barely miss the orc zombie. You hit the mummy. You burn the mummy.
The mummy is heavily damaged.
The mummy hits you!
* * * LOW HITPOINT WARNING * * *
You hit the mummy. You burn the mummy.
The mummy is moderately damaged.
You hit the mummy. You burn the mummy.
The mummy is severely damaged.
You block the mummy's attack. x2
You hit the mummy. You burn the mummy.
The mummy is severely damaged.
The orc zombie hits you but does no damage.
You block the mummy's attack.
It was a potion of degeneration.
There was something very wrong with that liquid.
You feel weakened.
You feel dopey.
You feel clumsy.
It was a potion of mutation.
You feel extremely strange.
You feel stupid.
Your thoughts seem clearer.
The mummy hits you.
* * * LOW HITPOINT WARNING * * *
It was a potion of attraction.
You feel attractive to monsters. The kobold zombie closely misses you.
You hit the mummy. You burn the mummy.
The mummy is moderately damaged.
The mummy closely misses you. x2
The kobold zombie hits you but does no damage.
You hit the mummy. You burn the mummy.
The mummy is heavily damaged.
You block the mummy's attack. x2; The mummy hits you.
* * * LOW HITPOINT WARNING * * *
You hit the mummy. You burn the mummy.
The mummy is severely damaged.
The kobold zombie barely misses you. The mummy hits you!
You die...

.....##....##..
...............
.............
............
#........#
#......# #M...#
#MM..# #@MZ.#
#.Z..# #....#
#....# #....#
#....# #.∩∩.#
######


You could see 4 mummies, a kobold zombie and an orc zombie.

Vanquished Creatures
  Natasha (thrice) (D:3)
  6 adders
  2 dart slugs
  5 orcs (D:3)
  5 bats
  6 endoplasms
  2 giant cockroaches (D:1)
  9 goblins
  9 hobgoblins
  4 quokkas
  10 ball pythons
  2 frilled lizards (D:2)
  A gnoll zombie (Ossuary)
  4 kobolds
  2 kobold zombies (Ossuary)
  3 orc zombies (Ossuary)
  6 rats
79 creatures vanquished.

Notes
Turn   | Place    | Note
-------+----------+-------------------------------------------
     0 | D:1      | Elsrick the Demigod Fighter began the quest for the Orb.
     0 | D:1      | Reached XP level 1. HP: 18/18 MP: 3/3
   146 | D:1      | Reached XP level 2. HP: 22/25 MP: 4/4
   604 | D:1      | Reached XP level 3. HP: 30/31 MP: 5/5
   608 | D:1      | Learned a level 1 spell: Necrotise
  1649 | D:3      | Found Doseyreulo's Armour Shop.
  1832 | D:3      | Reached XP level 4. HP: 37/38 MP: 5/7
  2250 | D:3      | Found Xigumem's Armour Boutique.
  2644 | D:3      | Noticed Natasha
  2648 | D:3      | Killed Natasha
  2649 | D:3      | Reached skill level 1 in Spellcasting
  2649 | D:3      | Reached skill level 1 in Necromancy
  2982 | D:3      | Found Fudait's Antique Weapon Emporium.
  3198 | D:3      | Reached skill level 1 in Maces & Flails
  3268 | D:3      | Noticed Natasha
  3271 | D:3      | Killed Natasha
  3272 | D:3      | Reached XP level 5. HP: 45/45 MP: 9/9
  3314 | D:3      | Noticed Natasha
  3319 | D:3      | Killed Natasha
  3320 | D:3      | Reached skill level 1 in Dodging
  3388 | D:4      | Found a sand-covered staircase.
  3406 | Ossuary  | Entered an ossuary
  3446 | Ossuary  | Gained mutation: You are dopey. (Int -2) [potion of
                  | mutation]
  3446 | Ossuary  | Gained mutation: You possess an exceptional clarity of
                  | mind. [potion of mutation]
  3450 | Ossuary  | Slain by a mummy

Illustrated notes

Levels and vault maps discovered:
D:1:      dpeg_arrival_arbitrary_c, layout_rooms
D:2:      layout_loops_ring, basic_altar, ebering_ecumenical_altar_petrified,
          lemuel_flame_loot_1
D:3:      layout_basic, xom_teletrap_fun, mainiacjoe_overflow_24_doors,
          serial_shops, nicolae_shop_real_fake_doors, nicolae_shop_tiny_glass,
          shop, saegor_snake_ambush, uniq_natasha
D:4:      layout_rooms, mainiacjoe_overflow_paths,
          minmay_temple_entry_sparse_star, nicolae_ossuary_entry_ruins
Ossuary:  ossuary_tomb_3

Skill      XL: |  1  2  3  4  5 |
---------------+----------------+-----
Armour         | 3 |  3.6
Short Blades   | 2 |  2.5
Fighting       | 3 |  3.3
Shields        | 3 |  3.0
Spellcasting   | 1 |  1.3
Necromancy     | 1 |  1.4
Maces & Flails | 1 |  1.4
Dodging        | 1 |  1.0

Action                     |  1- 3 |  4- 6 || total
---------------------------+-------+-------++-------
  Melee: Rapier            |   157 |    21 ||   178
         Whip              |       |   111 ||   111
  Throw: Boomerang         |     1 |       ||     1
         Dart              |       |     4 ||     4
   Cast: Necrotise         |     7 |     4 ||    11
    Use: Potion            |       |     3 ||     3
 Armour: Scale mail        |    93 |    86 ||   179
  Dodge: Dodged            |    79 |    72 ||   151
  Block: Buckler           |    36 |    48 ||    84

Table legend: (Time is in decaauts)
 A = Elapsed time spent in this place.
 B = Non-inter-level travel time spent in this place.
 C = Inter-level travel time spent in this place.
 D = Time resting spent in this place.
 E = Time spent auto-exploring this place.
 F = Levels seen in this place.
 G = Mean time per level.
                   A        B        C        D        E       F      G
               +--------+--------+--------+--------+--------+-----+--------+
         Total |   3505 |   3342 |    163 |    628 |   1861 |   5 |  701.0 |
       Dungeon |   3459 |   3296 |    163 |    628 |   1861 |   4 |  864.8 |
       Ossuary |     45 |     45 |      0 |      0 |      0 |   1 |   45.0 |
               +--------+--------+--------+--------+--------+-----+--------+

Top non-repeatable levels by time:
     D:3: 1792 daAuts
     D:2: 1004 daAuts
     D:1: 627 daAuts
 Ossuary: 45 daAuts
     D:4: 35 daAuts
